 Dungeon Crawl Stone Soup version 0.15-a0-462-gf669498 (webtiles) character file.

118 PolkaDot the Vexing (level 3, -11/24 HPs)
             Began as a Vampire Enchanter on May 7, 2014.
             Mangled by Crazy Yiuf
             ... wielding a +3,+4 quarterstaff of chaos
              (14 damage)
             ... while paralysed by Crazy Yiuf
             ... on Level 2 of the Dungeon.
             The game lasted 00:05:18 (1977 turns).

PolkaDot the Vexing (Vampire Enchanter)             Turns: 1977, Time: 00:05:18

HP -11/24        AC  3     Str  8      XL: 3   Next: 69%
MP   2/6         EV  2     Int 17      God:
Gold 62          SH  0     Dex 14      Spells:  2 memorised,  3 levels left

rFire  . . .     SeeInvis +     a - +1 dagger
rCold  + . .     Clarity  .     b - +1 robe
rNeg   + + .     Conserve .     (no shield)
rPois  +         rCorr    .     (no helmet)
rElec  .         rRot     +     (no cloak)
SustAb . .       Spirit   .     (no gloves)
rMut   .         Warding  .     (no boots)
Saprov . . .     Stasis   .     (no amulet)
MR     .....                    (no ring)
                                n - ring of flight

@: paralysed, regenerating slowly, very slightly contaminated, not resistant to
hostile enchantments, fairly stealthy
A: fangs 3, see invisible, unbreathing
a: Bat Form, Evoke Flight


You were on level 2 of the Dungeon.
You were very thirsty.

You visited 1 branch of the dungeon, and saw 2 of its levels.

You collected 62 gold pieces.

Inventory:

Hand weapons
 a - a +1,+1 dagger (weapon)
Missiles
 d - 12 darts (quivered)
Armour
 b - a +1 robe (worn)
Magical devices
 o - a wand of random effects (13)
Scrolls
 g - 2 scrolls of immolation {unknown}
 h - a scroll of recharging {unknown}
 i - a scroll of enchant armour {unknown}
 k - 2 scrolls of random uselessness {unknown}
 l - 2 scrolls of teleportation {unknown}
 m - 2 scrolls of remove curse {unknown}
 r - a scroll of enchant weapon I {unknown}
Jewellery
 n - a ring of flight (left hand)
Potions
 e - a potion of haste {unknown}
 f - a potion of magic {unknown}
 j - a potion of heal wounds {unknown}
 p - a potion of lignification {unknown}
 q - a potion of curing {unknown}
 s - a potion of restore abilities {unknown}
Books
 c - a book of Maledictions

   Spells                             Type                      Level
   *Corona                            Hexes                        1
   Sure Blade                         Hexes/Charms                 2
   *Ensorcelled Hibernation           Hexes/Ice                    2
   Confuse                            Hexes                        3
   Dazzling Spray                     Conjuration/Hexes            3
   Enslavement                        Hexes                        4


   Skills:
 + Level 1.9 Short Blades
 - Level 0.7 Throwing
 - Level 2.1 Dodging
 + Level 4.5 Stealth
 - Level 2.0 Spellcasting
 * Level 5.6 Hexes


You had 3 spell levels left.
You knew the following spells:

 Your Spells              Type           Power        Failure   Level  Hunger
a - Corona                Hex            ###....      1%          1    #......
d - Ensorcelled Hibernat  Hex/Ice        ##....       12%         2    ###....


Dungeon Overview and Level Annotations

Branches:
Dungeon (2/15)

Altars:
The Shining One

Annotations:
D:2 Crazy Yiuf


Innate Abilities, Weirdness & Mutations

You heal slowly.
You have razor-sharp teeth.*
You have supernaturally acute eyesight.
You can survive without breathing.*


Message History

Aiming: Ensorcelled Hibernation
Press: ? - help, Shift-Dir - straight line, f - Crazy Yiuf
Aim: Crazy Yiuf, wielding a quarterstaff of chaos and wearing a cloak You miscast Ensorcelled Hibernation.
You are very lightly contaminated with residual magic.
Nothing appears to happen.
Casting: Ensorcelled Hibernation
Confirm with . or Enter, or press ? or * to list all spells.
Aiming: Ensorcelled Hibernation
Press: ? - help, Shift-Dir - straight line, f/p - Crazy Yiuf
Aim: Crazy Yiuf, wielding a quarterstaff of chaos and wearing a cloak Crazy Yiuf resists.
* * * LOW MAGIC WARNING * * *
Crazy Yiuf hits you with a quarterstaff of chaos!
Ouch! That really hurt!
* * * LOW HITPOINT WARNING * * *
You suddenly lose the ability to move!
Crazy Yiuf hits you with a quarterstaff of chaos!
Ouch! That really hurt!
You die...

... ###....#
#........
#.# #....#
#.(...###
#.# #P...#
#.....# #.#
##.P.#
#######
#.#######
##.##
#.......#
##.#
####.#######
#.##
......##
##.#
####...##
#@##
####....##
#g#
##.......#
...
...#....##
#...# #
###....##
#)..#
#########
##.....#
#####
#(.......
.......#####
#.....###
####.#.....#
### #.###.#
# #.#######
#.# #.# #.#


You could see Crazy Yiuf.

Vanquished Creatures
  A giant mite (D:2)
  An inept feature mimic (D:2)
  A worm (D:2)
  A giant gecko (D:1)
  11 bats
  3 giant cockroaches
  3 goblins (D:1)
  2 hobgoblins
  2 jackals (D:1)
  A giant newt (D:2)
  5 kobolds (D:1)
  5 rats
36 creatures vanquished.

Notes
Turn   | Place    | Note
--------------------------------------------------------------
     0 | D:1      | PolkaDot, the Vampire Enchanter, began the quest for the Orb.
     0 | D:1      | Reached XP level 1. HP: 13/13 MP: 3/3
     2 | D:1      | Noticed an elf
     2 | D:1      | Noticed a demigod
     4 | D:1      | Noticed a ghoul
     6 | D:1      | Noticed an octopode
     6 | D:1      | Noticed a naga
     8 | D:1      | Noticed a dwarf
     8 | D:1      | Noticed an ogre
    10 | D:1      | Noticed a vampire
    10 | D:1      | Noticed a formicid
    12 | D:1      | Noticed a minotaur
    14 | D:1      | Noticed a draconian
    14 | D:1      | Noticed a felid
    16 | D:1      | Noticed a troll
    18 | D:1      | Noticed a merfolk
    20 | D:1      | Noticed a tengu
    20 | D:1      | Noticed a human
    22 | D:1      | Noticed a demonspawn
    22 | D:1      | Noticed a gargoyle
    24 | D:1      | Noticed a centaur
    24 | D:1      | Noticed a spriggan
    26 | D:1      | Noticed a vine stalker
    54 | D:1      | Found a glowing golden altar of the Shining One.
   401 | D:1      | Reached XP level 2. HP: 8/19 MP: 2/4
  1110 | D:1      | Learned a level 2 spell: Ensorcelled Hibernation
  1197 | D:1      | Reached skill level 5 in Hexes
  1383 | D:2      | Reached XP level 3. HP: 24/24 MP: 6/6
  1973 | D:2      | Noticed Crazy Yiuf
  1976 | D:2      | Paralysed by Crazy Yiuf for 4 turns
  1977 | D:2      | Mangled by Crazy Yiuf

Action                   || total
-------------------------++-------
Melee: Dagger            ||   108
Throw: Dart              ||     7
 Cast: Corona            ||    15
       Ensorcelled Hiber ||     5
Evoke: Wand              ||     1
  Use: Potion            ||     1
 Stab: Sleeping          ||     9
